 Dungeon Crawl Stone Soup version 0.21.1-1-g345015f (webtiles) character file.

138 Melicamp the Insei (level 5, -16/43 HPs)
             Began as a Barachi Monk on Mar 28, 2018.
             Demolished by an ogre
             ... wielding a +0 giant spiked club
              (31 damage)
             ... on level 4 of the Dungeon.
             The game lasted 00:19:17 (4264 turns).

Melicamp the Insei (Barachi Monk)                   Turns: 4264, Time: 00:19:17

Health: -16/43     AC:  2    Str: 13    XL:     5   Next: 21%
Magic:  5/5        EV: 13    Int: 10    God:
Gold:   188        SH:  0    Dex: 15    Spells: 4/4 levels left

rFire    . . .     SeeInvis .   v - -1 dagger (curse)
rCold    . . .     Gourm    .   (no shield)
rNeg     . . .     Faith    .   a - +0 robe
rPois    .         Spirit   .   (no helmet)
rElec    .         Reflect  .   (no cloak)
rCorr    .         Harm     +   (no gloves)
MR       .....     Rnd*Tele +   (no boots)
Stlth    ++........             u - amulet of harm
HPRegen  0.14/turn              w - ring of teleportation (curse)
MPRegen  0.09/turn              (no ring)

@: lethally poisoned (-16 -> -17), can't hop, slow
A: +LOS, swims, slowness 1, strong legs 1
a: Hop


You were on level 4 of the Dungeon.
You were not hungry.

You visited 1 branch of the dungeon, and saw 4 of its levels.

You collected 188 gold pieces.

Inventory:

Hand Weapons
 v - a cursed -1 dagger (weapon)
Missiles
 c - 68 stones (quivered)
 n - 6 needles of sleeping
 s - 5 tomahawks
 x - 7 arrows
Armour
 a - a +0 robe (worn)
Jewellery
 k - a +5 ring of slaying {unknown}
 q - an uncursed amulet of rage
 u - an amulet of harm (around neck)
 w - a cursed ring of teleportation (left hand)
Scrolls
 e - 2 scrolls of teleportation
 g - a scroll of noise
 m - 2 scrolls of identify
Potions
 d - a potion of ambrosia
 f - 2 potions of might
 h - a potion of invisibility {unknown}
 i - 4 potions of curing
 j - 2 potions of brilliance
 l - 3 potions of agility
 o - a potion of lignification {unknown}
 r - a potion of haste {unknown}
Comestibles
 b - 5 rations


   Skills:
 * Level 4.5 Fighting
 - Level 3.2 Dodging
 - Level 1.7 Stealth
 + Level 5.8 Unarmed Combat


You had 4 spell levels left.
You didn't know any spells.

Dungeon Overview and Level Annotations

Branches:
Dungeon (4/15)
 Temple: D:4-7

Altars:
Ashenzari
Nemelex Xobeh

Shops:
D:4 (!

Annotations:
D:4 GenChuck's ghost, weakling TeAE


Innate Abilities, Weirdness & Mutations

Shadows flee at your approach. (+LOS)
You can swim through water.
You cover ground slowly.
You can hop short distances.


Message History

The zap hits you!
GenChuck's ghost gestures at you while chanting.
The zap hits you!
A hound comes into view.
A worm comes into view.
Hop to where?
Press: ? - help, Dir - move target cursor Boing!
As you open the door, it creaks loudly! The adder bites you.
You are poisoned.
The adder poisons you!
An ogre comes into view. It is wielding a giant spiked club.
You feel sick. The adder completely misses you. The adder bites you.
There is an open door here.
The adder bites you.
You feel sick.
The ogre hits you with a giant spiked club!!
Ouch! That really hurt!
You die...

#..................#
#......##....
#.............
###............. #
..#.###.####...# ##.#
..#.# #.# #.#####....#
..#.###.######.#........#
..#.....#......#.....##.
..#.....#......#@# ...
..#.....#......#O#..###.
..#.....#......wS........
..#....##......###.##.###
..#....##........#...
....#####......#.#####.#
....# ######......S..#
....# ########W###.#
....# #........###....


You could see an ogre, a worm and an adder.

Vanquished Creatures
  An orc priest (D:3)
  3 adders
  3 leopard geckos
  10 orcs (D:3)
  2 bats
  6 goblins
  9 hobgoblins
  5 jackals
  A quokka (D:3)
  3 ball pythons
  3 frilled lizards
  10 kobolds
  12 rats
68 creatures vanquished.

Notes
Turn   | Place    | Note
-------+----------+-------------------------------------------
     0 | D:1      | Melicamp the Barachi Monk began the quest for the Orb.
     0 | D:1      | Reached XP level 1. HP: 18/18 MP: 1/1
   216 | D:1      | Reached XP level 2. HP: 17/25 MP: 2/2
   482 | D:1      | Reached skill level 4 in Unarmed Combat
   933 | D:1      | Reached XP level 3. HP: 30/30 MP: 3/3
  2147 | D:2      | Reached XP level 4. HP: 30/37 MP: 4/4
  2150 | D:2      | Reached skill level 5 in Unarmed Combat
  3056 | D:3      | Found a shattered altar of Ashenzari.
  3303 | D:3      | Reached XP level 5. HP: 42/42 MP: 5/5
  4080 | D:4      | Found Riyczumiqi's Antique Weapon Shop.
  4187 | D:4      | Found Ashit's Distillery.
  4227 | D:4      | Found a sparkling altar of Nemelex Xobeh.
  4253 | D:4      | Noticed GenChuck's ghost (weakling TeAE)
  4262 | D:4      | Noticed an ogre
  4264 | D:4      | Demolished by an ogre

Skill      XL: |  1  2  3  4 |
---------------+-------------+-----
Fighting       | 4 |  4.5
Unarmed Combat | 4 5 |  5.8
Dodging        | |  3.2
Stealth        | |  1.7

Action                   |  1- 3 |  4- 6 || total
-------------------------+-------+-------++-------
Melee: Unarmed           |   151 |    65 ||   216
       Punch             |       |     2 ||     2
       Dagger            |       |    20 ||    20
Throw: Stone             |   102 |    66 ||   168
 Abil: Hop               |     1 |     3 ||     4
  Use: Potion            |     2 |     2 ||     4
       Scroll            |       |     9 ||     9
 Stab: Sleeping          |       |     1 ||     1
  Eat: Chunk             |     5 |     5 ||    10
       Ration            |       |     1 ||     1
Armor: Robe              |    37 |     9 ||    46
Dodge: Dodged            |   125 |    45 ||   170
